 Dungeon Crawl Stone Soup version 0.27.1-34-g3ba077fa99 (webtiles) character file.

Game seed: 5644822528566322310

827 Ubik the Covered (level 7, -8/61 HPs)
             Began as a Minotaur Fighter on Jan 17, 2022.
             Mangled by a wyvern (15 damage)
             ... on level 10 of the Dungeon.
             The game lasted 00:13:02 (3017 turns).

Ubik the Covered (Minotaur Fighter)                 Turns: 3017, Time: 00:13:03

Health: -8/61      AC:  7    Str: 22    XL:     7   Next: 64%
Magic:  6/6        EV: 12    Int:  5    God:
Gold:   33         SH: 10    Dex: 10    Spells: 6/6 levels left

rFire    . . .     SeeInvis .   a - +0 long sword
rCold    . . .     Faith    .   c - +0 kite shield
rNeg     . . .     Spirit   .   b - +0 scale mail
rPois    .         Reflect  .   (helmet restricted)
rElec    .         Harm     .   (no cloak)
rCorr    .         Rampage  .   (no gloves)
Will     .....                  (no boots)
Stlth    ..........             (no amulet)
HPRegen  0.20/turn              j - +4 ring of evasion
MPRegen  0.10/turn              (no ring)

@: no status effects
A: horns 2, retaliatory headbutt
a: no special abilities


You were on level 10 of the Dungeon.
You visited 1 branch of the dungeon, and saw 10 of its levels.

You collected 133 gold pieces.
You spent 100 gold pieces at shops.

Inventory:

Hand Weapons
 a - a +0 long sword (weapon)
Missiles
 e - 24 bolts
 f - 54 stones (quivered)
Armour
 b - a +0 scale mail (worn)
 c - a +0 kite shield (worn)
Jewellery
 j - a +4 ring of evasion (left hand)
Wands
 d - a wand of charming (8)
Scrolls
 g - a scroll of amnesia {unknown}
 h - 2 scrolls of identify
 i - 2 scrolls of teleportation {unknown}
 l - a scroll of enchant armour {unknown}
Potions
 k - a potion of flight {unknown}


   Skills:
 + Level 5.1 Fighting
 + Level 6.2 Long Blades
 + Level 6.8 Armour
 + Level 2.5 Dodging
 + Level 0.2 Stealth
 + Level 5.3 Shields


You had 6 spell levels left.
You didn't know any spells.
Your spell library was empty.

Dungeon Overview and Level Annotations

Branches:
Dungeon (10/15)            Temple (0/1) D:7
   Lair: D:8-11         Orc: D:9-12

Altars:

Shops:
D:7 *


Innate Abilities, Weirdness & Mutations

You have a pair of horns on your head.
You reflexively headbutt those who attack you in melee.


Message History

The hornet buzzes angrily.
The hornet closely misses you.
You miss the hornet. The hornet closely misses you. You furiously retaliate!
You headbutt the hornet. The hornet stings you!
You feel yourself slow down.
You slash the hornet! You headbutt the hornet!
The hornet is severely wounded.
You feel yourself speed up. The hornet barely misses you.
The hornet closely misses you. You block the hornet's attack.
You slash the hornet!
You kill the hornet!
Your Long Blades skill increases to level 6!
Found 12 gold pieces.
Found a scroll labelled VURPHAC VUGRE.
You now have 33 gold pieces (gained 12).
A wyvern comes into view.
The wyvern hisses angrily.
You see here a scroll labelled VURPHAC VUGRE.
You hit the wyvern but do no damage. The wyvern bites you. x2
You hit the wyvern but do no damage. You block the wyvern's attack. x2
You slash the wyvern! Your headbutt misses the wyvern.
The wyvern is heavily wounded.
The wyvern misses you. The wyvern barely misses you.
You riposte.
You closely miss the wyvern. Your headbutt misses the wyvern.
The wyvern is heavily wounded.
You closely miss the wyvern.
You headbutt the wyvern, but do no damage.
The wyvern is heavily wounded.
The wyvern barely misses you. You furiously retaliate!
You headbutt the wyvern! You block the wyvern's attack.
You closely miss the wyvern.
The wyvern is severely wounded.
The wyvern bites you!
* * * LOW HITPOINT WARNING * * *
The wyvern bites you!
* * * LOW HITPOINT WARNING * * *
You closely miss the wyvern. You headbutt the wyvern.
The wyvern is almost dead.
The wyvern bites you!
You die...

.............#
.............##......#
.............##......#
.............##......###
.............##.........
.............##.........
.........###.........#
.........# #.....l...#
.........# #.##.@....#
.........# #.##?.....#
.....###.# #.##......#
.....# #.# #.##......#
.....# #.#
#.##......###. .....
#.###.##........... ....
#..................
#.............###...
#..##.........# ..


You could see a wyvern.

Vanquished Creatures
  A hornet (D:10)
  A spriggan (shapeshifter) (D:9)
  A sky beast (D:6)
  A centaur (D:7)
  A water moccasin zombie (D:5)
  A bullfrog zombie (D:6)
  A jelly (D:6)
  A hound (D:6)
  An iguana (D:6)
  Ijyb (D:3)
  An orc wizard (D:4)
  2 killer bee zombies
  2 worms
  A dart slug (D:3)
  3 orcs
  3 giant cockroaches (D:1)
  4 goblins
  4 hobgoblins (D:1)
  A quokka (D:1)
  A bat (D:1)
  4 kobolds
  2 rats
38 creatures vanquished.

Notes
Turn   | Place    | Note
-------+----------+-------------------------------------------
     0 | D:1      | Ubik the Minotaur Fighter began the quest for the Orb.
     0 | D:1      | Reached XP level 1. HP: 19/19 MP: 0/0
    73 | D:1      | Reached XP level 2. HP: 10/27 MP: 1/1
   321 | D:3      | Reached XP level 3. HP: 12/33 MP: 2/2
   336 | D:3      | Noticed Ijyb
   354 | D:3      | Killed Ijyb
   355 | D:3      | Reached skill level 1 in Dodging
  1584 | D:4      | Reached XP level 4. HP: 30/40 MP: 3/3
  1660 | D:5      | Entered Level 5 of the Dungeon
  1705 | D:5      | Reached XP level 5. HP: 34/47 MP: 4/4
  1754 | D:6      | Noticed a sky beast
  1774 | D:6      | Killed a sky beast
  1775 | D:6      | Reached skill level 5 in Armour
  1811 | D:6      | Reached XP level 6. HP: 18/53 MP: 5/5
  1817 | D:6      | Reached skill level 5 in Long Blades
  2535 | D:7      | Found a staircase to the Ecumenical Temple.
  2536 | D:7      | Found Xatur's Assorted Antiques.
  2570 | D:7      | Bought a moonstone ring for 100 gold pieces
  2871 | D:9      | Noticed a wizard
  2872 | D:9      | Noticed a hog
  2876 | D:9      | Noticed an ice beast
  2876 | D:9      | a hog changed into an ice beast
  2876 | D:9      | Noticed a spriggan
  2876 | D:9      | an ice beast changed into a spriggan
  2896 | D:9      | Killed a spriggan
  2897 | D:9      | Reached skill level 5 in Fighting
  2897 | D:9      | Reached skill level 5 in Shields
  2897 | D:9      | Reached XP level 7. HP: 17/61 MP: 6/6
  2917 | D:10     | Entered Level 10 of the Dungeon
  2984 | D:10     | Noticed a hornet
  2989 | D:10     | Killed a hornet
  3009 | D:10     | Noticed a wyvern
  3017 | D:10     | Mangled by a wyvern

Illustrated notes

Levels and vault maps discovered:
D:1:      psy_arrival_basics, layout_basic,
          dreamdust_ecumenical_altar_hidden_monk_grotto
D:2:      layout_loops_ring
D:3:      layout_loops_ring, uniq_ijyb, uniq_sigmund
D:4:      layout_basic
D:5:      layout_basic, kennysheep_path_1, guppyfry_shop_venom
D:6:      layout_cave_pools, lightli_temple_of_fire, kennysheep_boxes
D:7:      layout_layer_cave, minmay_temple_entry_mist, serial_shops, shop, shop,
          nicolae_inconvenience_store, biasface_ghost_orc_armoury,
          minmay_misc_feat_alley
D:8:      layout_cave_pools, gup_ossuary_entry_pyramid, uniq_maurice, uniq_pikel
D:9:      minmay_cut_squares, layout_stronghold, lair_entry_dummy,
          nicolae_zen_rock_garden
D:10:     layout_long_grid, orc_0_dummy, kennysheep_small_circle

Skill      XL: |  1  2  3  4  5  6  7 |
---------------+----------------------+-----
Fighting       | 4 5 |  5.1
Long Blades    | 3 4 5 6 |  6.2
Armour         | 4 5 6 |  6.8
Dodging        | 1 2 |  2.5
Shields        | 4 5 |  5.3
Stealth        | |  0.2

Action                   |  1- 3 |  4- 6 |  7- 9 || total
-------------------------+-------+-------+-------++-------
Melee: Long sword        |    62 |    83 |     9 ||   154
       Headbutt          |    10 |    15 |     3 ||    28
  Use: Scroll            |     1 |       |       ||     1
       Potion            |     1 |       |       ||     1
Armor: Scale mail        |    37 |    53 |       ||    90
Dodge: Dodged            |    21 |    32 |     7 ||    60
Block: Kite shield       |    38 |    66 |     4 ||   108
       Rpst.: Long sword |     3 |     8 |     1 ||    12
